AoeStats
← _Orca_

Arabia

506462257Analyzed
4v4 RM · 19d ago on Sep 13, 2026· 56m 49s· 8 players
Game mode
Random Map
Map size
Large (8 player)
Population
200
Speed
Normal
Resources
Standard
Victory
Conquest
Starting age
Dark Age
Ending age
Imperial Age
RankedLock teamsTeams togetherTeam positionsShared explorationLock speedFull tech treeHidden civsTurbo modeCheats
Victory
Defeat
🇧🇩 Armenians · Bangladesh
1306
+15
🇧🇷 Huns · Brazil
1302
+15
🇦🇷 Bohemians · Argentina
1301
+15
🇩🇪 Ethiopians · Germany
1251
+16
🇧🇩 Cumans · Bangladesh
1300
-16
🇧🇩 Persians · Bangladesh
1295
-16
🇩🇪 Hindustanis · Germany
1257
-15
🇧🇩 Burgundians · Bangladesh
1254
-14
J. C. Maxwell
11:21 Feudal Age
11:58 Double-Bit Axe
11:56 Horse Collar
16:04 Loom
25:14 Castle Age
24:12 Scale Barding Armor
24:21 Gold Mining
24:51 Bloodlines
25:42 Wheelbarrow
25:52 Forging
27:11 Chain Barding Armor
27:27 Iron Casting
28:19 Bow Saw
30:22 Heavy Plow
32:30 Gold Shaft Mining
33:36 Hand Cart
36:03 Imperial Age
36:14 Town Watch
37:23 Plate Barding Armor
36:12 Elite Steppe Lancer
37:55 Blast Furnace
37:58 Light Cavalry
40:31 Hussar
41:36 Stone Mining
42:26 Fletching
43:32 Ballistics
43:11 Bodkin Arrow
51:03 Conscription
51:46 Elite Skirmisher
52:55 Thumb Ring
54:59 Crop Rotation
55:32 Two-Man Saw
55:06 Padded Archer Armor
Kamrul007
7:47 Loom
11:38 Feudal Age
14:53 Double-Bit Axe
15:03 Horse Collar
20:28 Castle Age
19:26 Forging
19:27 Scale Barding Armor
20:02 Bloodlines
22:04 Bow Saw
23:13 Town Watch
24:21 Heavy Plow
26:07 Wheelbarrow
26:56 Iron Casting
27:20 Chain Barding Armor
28:10 Hand Cart
28:28 Husbandry
31:13 Padded Archer Armor
40:12 Town Patrol
42:18 Stone Mining
42:23 Gold Mining
42:33 Murder Holes
43:08 Leather Archer Armor
43:22 Fletching
44:02 Kamandaran
44:29 Ballistics
44:51 Thumb Ring
44:18 Crossbowman
49:40 Elite Skirmisher
57:12 Imperial Age
55:19 Bodkin Arrow
JHON_BOLTO
7:44 Loom
9:49 Feudal Age
17:38 Fletching
21:45 Double-Bit Axe
26:00 Castle Age
24:32 Double-Bit Axe
24:34 Horse Collar
26:49 Bodkin Arrow
31:57 Forging
32:31 Scale Mail Armor
36:16 Iron Casting
35:56 Chain Mail Armor
37:29 Bloodlines
39:37 Chain Mail Armor
KupaiaDimu
8:53 Loom
11:19 Feudal Age
9:45 Double-Bit Axe
12:02 Horse Collar
16:47 Fletching
25:03 Castle Age
26:21 Cavalier
27:02 Husbandry
27:24 Forging
34:52 Scale Barding Armor
36:35 Iron Casting
39:39 Chain Barding Armor
49:31 Bodkin Arrow
53:42 Imperial Age
54:26 Paladin
56:17 Blast Furnace
55:53 Plate Barding Armor
young_zonk
6:24 Loom
9:28 Feudal Age
10:16 Double-Bit Axe
15:06 Fletching
22:13 Castle Age
20:14 Horse Collar
22:40 Gold Mining
22:52 Padded Archer Armor
22:27 Crossbowman
23:04 Bodkin Arrow
25:18 Bow Saw
26:14 Ballistics
29:11 Wheelbarrow
34:27 Hand Cart
34:17 Heavy Plow
34:04 Town Watch
37:17 Imperial Age
36:34 Leather Archer Armor
38:05 Arbalester
39:16 Bracer
41:16 Thumb Ring
42:15 Chemistry
42:10 Scale Mail Armor
42:20 Forging
42:18 Squires
42:03 Arson
42:37 Murder Holes
45:26 Conscription
44:35 Elite Shotel Warrior
47:33 Chain Mail Armor
47:53 Iron Casting
48:55 Gold Shaft Mining
53:01 Plate Mail Armor
53:31 Blast Furnace
53:01 Ring Archer Armor
57:14 Royal Heirs
K
2:59 Loom
9:49 Feudal Age
10:26 Double-Bit Axe
16:51 Forging
19:48 Wheelbarrow
19:36 Scale Barding Armor
23:33 Castle Age
23:27 Bloodlines
23:36 Light Cavalry
26:05 Iron Casting
28:16 Fletching
31:36 Bodkin Arrow
32:39 Padded Archer Armor
37:10 Husbandry
37:32 Chain Barding Armor
46:29 Imperial Age
46:46 Pikeman
51:30 Blast Furnace
52:48 Bracer
52:50 Horse Collar
53:36 Squires
55:00 Scale Mail Armor
55:22 Halberdier
56:33 Chain Mail Armor
57:24 Hand Cart
57:35 Leather Archer Armor
_Orca_
10:00 Loom
13:20 Feudal Age
13:25 Man-at-Arms
13:53 Arson
14:26 Long Swordsman
15:59 Scale Mail Armor
16:10 Forging
17:35 Wheelbarrow
20:20 Double-Bit Axe
24:52 Castle Age
22:59 Gold Mining
22:53 Horse Collar
22:59 Pikeman
25:34 Gambesons
25:48 Town Watch
26:31 Squires
26:29 Two-Handed Swordsman
29:48 Chain Mail Armor
32:12 Town Watch
32:46 Champion
32:47 Halberdier
36:40 Hand Cart
36:36 Bow Saw
40:44 Iron Casting
50:10 Imperial Age
51:28 Conscription
51:49 Fereters
52:25 Plate Mail Armor
53:18 Blast Furnace
54:59 Gold Shaft Mining
54:17 Fletching
Potu
7:36 Loom
10:05 Feudal Age
15:18 Double-Bit Axe
19:26 Castle Age
18:08 Fletching
20:03 Bodkin Arrow
20:23 Town Watch
20:27 Crossbowman
23:32 Padded Archer Armor
24:29 Wheelbarrow
25:43 Horse Collar
25:32 Pikeman
27:33 Chemistry
26:45 Scale Mail Armor
36:59 Imperial Age
34:47 Bow Saw
36:27 Leather Archer Armor
39:18 Hand Cart
41:16 Two-Man Saw
42:05 Bracer
42:09 Halberdier
43:22 Squires
43:40 Chain Mail Armor
46:39 Houfnice
48:27 Ring Archer Armor
51:02 Forging
52:17 Heavy Plow
53:20 Siege Engineers
55:14 Coinage
54:57 Guilds
Connection lost

Rejoining the realm…

Still unreachable

The connection could not be restored.

Session expired

The server has moved on; the page needs a fresh start.